 Dungeon Crawl Stone Soup version 0.22-a0-362-g535178c (webtiles) character file.

644 Amnesiac the Scholar of Death (level 7, -3/48 HPs)
             Began as a Mummy Wizard on Apr 21, 2018.
             Was a Follower of Kikubaaqudgha.
             Slain by an orc priest
             ... wielding a +0 flail
              (8 damage)
             ... on level 5 of the Dungeon.
             The game lasted 00:08:41 (5054 turns).

Amnesiac the Scholar of Death (Mummy Wizard)        Turns: 5054, Time: 00:08:42

Health: -3/48      AC:  6    Str: 10    XL:     7   Next: 26%
Magic:  2/13       EV: 13    Int: 20    God:    Kikubaaqudgha [*.....]
Gold:   193        SH:  0    Dex: 10    Spells: 2/14 levels left

rFire    x . .     SeeInvis .   a - +0 hunting sling
rCold    + . .     Gourm    .   (no shield)
rNeg     + + +     Faith    .   i - +0 robe
rPois    ∞         Spirit   .   k - +1 helmet
rElec    .         Reflect  .   (no cloak)
rCorr    .         Harm     .   l - +0 pair of gloves
MR       .....                  e - +0 pair of boots
Stlth    ++........             (no amulet)
HPRegen  0.16/turn              (no ring)
MPRegen  0.13/turn              (no ring)

@: very slightly contaminated
A: no food or potions, fire vulnerability, cold resistance 1, negative energy
resistance 3, torment resistance, unbreathing
a: Receive Corpses, Renounce Religion


You were on level 5 of the Dungeon.
You worshipped Kikubaaqudgha.
Kikubaaqudgha was aware of your devotion.
You were not hungry.

You visited 2 branches of the dungeon, and saw 6 of its levels.

You collected 193 gold pieces.

Inventory:

Hand Weapons
 a - a +0 hunting sling (weapon)
 b - a +1 dagger of draining
 f - a +1 short sword of speed
Missiles
 d - 73 stones (quivered)
Armour
 e - a +0 pair of boots (worn)
 i - a +0 robe (worn)
 k - a +1 helmet (worn)
 l - a +0 pair of gloves (worn)
Scrolls
 c - a scroll of identify {!r}
 h - a scroll of remove curse {!r}
 j - a scroll of noise {!r}


   Skills:
 + Level 1.1 Fighting
 * Level 3.6 Dodging
 - Level 1.5 Stealth
 - Level 4.0 Spellcasting
 - Level 4.0 Conjurations
 - Level 0.7 Summonings
 - Level 4.2 Necromancy
   Level 0.7 Translocations


You had 2 spell levels left.
You knew the following spells:

 Your Spells              Type           Power        Failure   Level  Hunger
a - Magic Dart            Conj           ###.         2%          1    N/A
b - Call Imp              Summ           #.......     14%         2    N/A
d - Vampiric Draining     Necr           ###.......   7%          3    N/A
e - Mephitic Cloud        Conj/Pois/Air  #.......     22%         3    N/A
s - Conjure Flame         Conj/Fire      ##......     17%         3    N/A

Dungeon Overview and Level Annotations

Branches:
Dungeon (5/15)             Temple (1/1) D:4

Altars:
Ashenzari
Cheibriados
Dithmenos
Elyvilon
Fedhas
Hepliaklqana
Kikubaaqudgha
Nemelex Xobeh
Qazlal
Ru
Sif Muna
Trog
Vehumet
Wu Jian
Xom
Zin
The Shining One


Innate Abilities, Weirdness & Mutations

You do not eat or drink.
Your flesh is vulnerable to fire.
You are immune to poison.
Your flesh is cold resistant. (rC+)
You are immune to negative energy. (rN+++)
You are immune to unholy pain and torment.
You can survive without breathing.


Message History

The orc priest is moderately wounded.
The orc priest closely misses you.
Firing (i - inventory)
d - 82 stones (quivered)
Press: ? - help, Shift-Dir - straight line, f/p - orc priest
Aim: an orc priest, wielding a flail and wearing a ring mail (moderately wounded)
You shoot a stone. The stone hits the orc priest.
The orc priest is heavily wounded.
The orc priest barely misses you.
Firing (i - inventory)
d - 81 stones (quivered)
Press: ? - help, Shift-Dir - straight line, f/p - orc priest
Aim: an orc priest, wielding a flail and wearing a ring mail (heavily wounded)
You shoot a stone. The stone barely misses the orc priest.
The orc priest barely misses you.
Firing (i - inventory)
d - 80 stones (quivered)
Press: ? - help, Shift-Dir - straight line, f/p - orc priest
Aim: an orc priest, wielding a flail and wearing a ring mail (heavily wounded)
You shoot a stone. The stone barely misses the orc priest.
The orc priest closely misses you.
Firing (i - inventory)
d - 79 stones (quivered)
Press: ? - help, Shift-Dir - straight line, f/p - orc priest
Aim: an orc priest, wielding a flail and wearing a ring mail (heavily wounded)
You shoot a stone. The stone barely misses the orc priest.
The orc priest calls down the wrath of Beogh upon you.
Beogh smites you!
* * * LOW HITPOINT WARNING * * *
You are too injured to fight recklessly!
Okay, then.
You can't drink.
You aren't carrying any items that you can evoke.
Firing (i - inventory)
d - 78 stones (quivered)
Press: ? - help, Shift-Dir - straight line, f/p - orc priest
Aim: an orc priest, wielding a flail and wearing a ring mail (heavily wounded)
You shoot a stone. The stone barely misses the orc priest.
The orc priest completely misses you.
You can't drink.
Quiver which item? (- for none, * to show all) (? for menu, Esc to quit)
Okay, then.
Firing (i - inventory)
d - 77 stones (quivered)
Press: ? - help, Shift-Dir - straight line, f/p - orc priest
Aim: an orc priest, wielding a flail and wearing a ring mail (heavily wounded)
You shoot a stone. The stone barely misses the orc priest.
The orc priest barely misses you.
Firing (i - inventory)
d - 76 stones (quivered)
Press: ? - help, Shift-Dir - straight line, f/p - orc priest
Aim: an orc priest, wielding a flail and wearing a ring mail (heavily wounded)
You shoot a stone. The stone barely misses the orc priest.
The orc priest barely misses you.
Firing (i - inventory)
d - 75 stones (quivered)
Press: ? - help, Shift-Dir - straight line, f/p - orc priest
Aim: an orc priest, wielding a flail and wearing a ring mail (heavily wounded)
You shoot a stone.
The stone hits the orc priest but does no damage.
The orc priest is heavily wounded.
The orc priest hits you with a flail.
* * * LOW HITPOINT WARNING * * *
Firing (i - inventory)
d - 74 stones (quivered)
Press: ? - help, Shift-Dir - straight line, f/p - orc priest
Aim: an orc priest, wielding a flail and wearing a ring mail (heavily wounded)
You shoot a stone.
The stone hits the orc priest but does no damage.
The orc priest is heavily wounded.
The orc priest hits you with a flail!
You die...
Kikubaaqudgha rasps: "You have failed me!
Welcome... oblivion!"

#(..##...#
#.....#.)[######
#.....#(..#
#.....#..!#
#.....#...#
#.....#.(.+
#.....##o##
#.....#...######
#....@#...##...##
#....o#...#.....#
#.....'...'.....#
#.....#...#.....#
#.....#...#....##
#.....######...##
#.....#...##....#
#....(#.........#
#.....#...#######


You could see an orc priest.

Vanquished Creatures
  Duvessa (D:5)
  An ogre (D:4)
  A centaur (D:5)
  A scorpion (D:4)
  Dowan (D:5)
  A howler monkey (D:4)
  An orc priest (D:4)
  A bullfrog skeleton (D:4)
  An orc wizard (D:5)
  2 worker ants
  A howler monkey skeleton (D:4)
  A worker ant zombie (D:5)
  A gnoll (D:1)
  A worm (D:2)
  4 dart slugs
  A leopard gecko (D:3)
  12 orcs
  4 bats
  4 giant cockroaches
  3 goblins
  6 hobgoblins
  3 jackals
  A kobold (D:2)
  2 quokkas
  A ball python (D:3)
  4 frilled lizards
  3 rats
63 creatures vanquished.

Vanquished Creatures (collateral kills)
  Terence (D:2)
  2 adders (D:2)
  A worm (D:2)
  3 jackals (D:2)
  A kobold (D:2)
8 creatures vanquished.

Grand Total: 71 creatures vanquished

Notes
Turn   | Place    | Note
-------+----------+-------------------------------------------
     0 | D:1      | Amnesiac the Mummy Wizard began the quest for the Orb.
     0 | D:1      | Reached XP level 1. HP: 13/13 MP: 5/5
   349 | D:1      | Reached skill level 1 in Conjurations
   886 | D:1      | Reached XP level 2. HP: 19/19 MP: 1/7
   893 | D:1      | Learned a level 2 spell: Call Imp
  1221 | D:2      | Reached XP level 3. HP: 24/24 MP: 8/8
  1226 | D:2      | Learned a level 3 spell: Conjure Flame
  1230 | D:2      | Learned a level 3 spell: Mephitic Cloud
  1378 | D:2      | Found a snail-covered altar of Cheibriados.
  1477 | D:3      | Found a shadowy altar of Dithmenos.
  1477 | D:3      | Found a blossoming altar of Fedhas.
  1477 | D:3      | Found an ancient bone altar of Kikubaaqudgha.
  1485 | D:3      | Became a worshipper of Kikubaaqudgha
  2208 | D:2      | Found a white marble altar of Elyvilon.
  2260 | D:2      | Noticed Terence
  2272 | D:2      | Killed Terence
  2272 | D:2      | Reached XP level 4. HP: 26/30 MP: 7/10
  3066 | D:4      | Reached * piety under Kikubaaqudgha
  3066 | D:4      | Identified Kikubaaqudgha's Papyrus of Dark Rituals (Kikubaaqudgha gifted it to you on level 4 of the Dungeon)
  3066 | D:4      | Received a gift from Kikubaaqudgha
  3130 | D:4      | Reached XP level 5. HP: 34/35 MP: 7/11
  3158 | D:4      | Found a staircase to the Ecumenical Temple.
  3178 | D:4      | Noticed a two-headed ogre
  3444 | D:4      | Reached skill level 1 in Necromancy
  3444 | D:4      | Reached XP level 6. HP: 41/41 MP: 12/12
  3541 | D:4      | Learned a level 3 spell: Vampiric Draining
  4127 | Temple   | Entered the Ecumenical Temple
  4240 | D:5      | Entered Level 5 of the Dungeon
  4833 | D:5      | Noticed Duvessa
  4833 | D:5      | Noticed Dowan
  4839 | D:5      | Killed Dowan
  4839 | D:5      | Reached XP level 7. HP: 36/46 MP: 9/13
  4914 | D:5      | Killed Duvessa
  5022 | D:5      | Reached skill level 1 in Fighting
  5054 | D:5      | Slain by an orc priest

Vault maps used:
D:1:      lightli_molten_gateway
D:2:      cheibriados_altar_1, nicolae_overflow_hidden_temple, first_ration,
          kennysheep_generic_room_4, uniq_terence
D:3:      gammafunk_temple_overflow_forgotten
D:4:      minmay_temple_entry_statues
D:5:      uniq_duvessa, uniq_crazy_yiuf_cottage
Temple:   regret_index_temple_sphere_string

Skill      XL: |  1  2  3  4  5  6  7 |
---------------+----------------------+-----
Conjurations   | 1 2 3 4 |  4.0
Dodging        | 2 3 |  3.6
Necromancy     | 1 4 |  4.2
Fighting       | 1 |  1.1
Stealth        | |  1.5
Spellcasting   | |  4.0
Summonings     | |  0.7
Translocations | |  0.7

Action                   |  1- 3 |  4- 6 |  7- 9 || total
-------------------------+-------+-------+-------++-------
 Fire: Hunting sling     |    70 |   194 |    49 ||   313
 Cast: Magic Dart        |    24 |       |       ||    24
       Call Imp          |    10 |     1 |       ||    11
       Mephitic Cloud    |     2 |    15 |     3 ||    20
       Conjure Flame     |       |     1 |       ||     1
  Use: Scroll            |     3 |     4 |       ||     7
Armor: Robe              |    12 |    32 |     5 ||    49
Dodge: Dodged            |    47 |    52 |    15 ||   114

Table legend:
 A = Spawn XP
 B = Non-spawn XP
 C = Spawn XP percentage of total XP
 D = Spawn monster count
 E = Non-spawn monster count
 F = Spawn count percentage of total count
 G = Total turns spent on level
                    A         B        C        D         E        F      G
               +---------+---------+-------+---------+---------+-------+---------
         Total |       0 |     920 |   0.0 |       0 |      71 |   0.0 |  5054
               +---------+---------+-------+---------+---------+-------+---------
           D:1 |       0 |      24 |   0.0 |       0 |       7 |   0.0 |  1061
           D:2 |       0 |      73 |   0.0 |       0 |      18 |   0.0 |  1304
           D:3 |       0 |      33 |   0.0 |       0 |      18 |   0.0 |   739
           D:4 |       0 |     394 |   0.0 |       0 |      12 |   0.0 |  1235
           D:5 |       0 |     396 |   0.0 |       0 |      16 |   0.0 |   449
               +---------+---------+-------+---------+---------+-------+---------
